[Event "Late-Titled-Tuesday-Blitz-March-26-2024"]
[Site "Chess.com"]
[Date "2024.03.26"]
[Round "9"]
[White "Kosak12"]
[Black "cakeuvdort"]
[Result "1-0"]
[WhiteElo "2744"]
[BlackElo "2260"]
[TimeControl "180+1"]
[EndTime "15:43:46 PDT"]
[Termination "Kosak12 won on time"]

1. e4 c6 2. Nf3 d5 3. d3 g6 4. e5 Bg7 5. d4 f6 6. h3 fxe5 7. Nxe5 Nh6 8. Bd3 O-O 9. O-O Bf5 10. Bxh6 Bxh6 11. Bxf5 Rxf5 12. Nd2 Nd7 13. Ng4 Bg7 14. c3 e5 15. dxe5 Nxe5 16. Nxe5 Bxe5 17. Nf3 Bc7 18.
Nd4 Qd6 19. g3 Re5 20. Qd2 Rae8 21. Rfe1 Qe7 22. Nf3 Re2 23. Rxe2 Qxe2 24. Re1 Qxd2 25. Rxe8+ Kf7 26. Nxd2 Kxe8 27. Kg2 b5 28. f4 Kd7 29. Nf3 c5 30. Kf2 Bd8 31. Ke3 Ke6 32.
g4 a5 33. h4 Bf6 34. h5 gxh5 35. f5+ Kf7 36. g5 Be7 37. Ne5+ Kg8 38. Nf3 h6 39. f6 Bd8 40. gxh6 Bxf6 41. Kf4 Kh7 42. Kf5 Bh8 43. Kg5 b4 44. Kxh5 bxc3 45. Ng5+ Kg8 46. bxc3 Bxc3 47. Kg6 c4 48. h7+ Kf8 49. Ne6+ Ke7 50.
Ng7 1-0

[Event "Late-Titled-Tuesday-Blitz-March-26-2024"]
[Site "Chess.com"]
[Date "2024.03.26"]
[Round "9"]
[White "Chesstiger64"]
[Black "karinachess1"]
[Result "0-1"]
[WhiteElo "2403"]
[BlackElo "2572"]
[TimeControl "180+1"]
[EndTime "15:43:47 PDT"]
[Termination "karinachess1 won by resignation"]

1. d4 Nf6 2. Nf3 e6 3. e3 d5 4. Bd3 Be7 5. Nbd2 O-O 6. Qe2 c5 7.
c3 Nc6 8. O-O Qd6 9. dxc5 Qxc5 10.
e4 dxe4 11. Nxe4 Qh5 12. Ng3 Qa5 13. a3 e5 14. b4 Qc7 15. Nf5 Re8 16. Nxe7+ Qxe7 17.
Ng5 e4 18. Bc4 Ne5 19. Bb3 Bf5 20. f4 exf3 21. Nxf3 Qc7 22. Nxe5 Rxe5 23. Bf4 Rxe2 24. Bxc7 Rc8 25. Rxf5 Rxc7 26. Rd1 h5 27. c4 Rb2 28. Rf3 Re7 29. h3 Ree2 30. Rg3 Ne4 31. Rdd3 Nxg3 32. Rxg3 h4 33. Rf3 Rxg2+ 34. Kf1 Rg3 35. Rxg3 hxg3 36. Ba4 Ra2 37. c5 Rxa3 38. Bd7 Rb3 39. b5 Rc3 40. c6 bxc6 41. bxc6 Kf8 42. Kg2 Ke7 43. h4 Kd6 44. h5 a5 45. h6 gxh6 46. c7 Kxd7 0-1

[Event "Late-Titled-Tuesday-Blitz-March-26-2024"]
[Site "Chess.com"]
[Date "2024.03.26"]
[Round "9"]
[White "bilelou"]
[Black "hellokostya"]
[Result "1-0"]
[WhiteElo "2709"]
[BlackElo "2595"]
[TimeControl "180+1"]
[EndTime "15:43:49 PDT"]
[Termination "bilelou won by resignation"]

1. e4 c5 2. Nf3 Nc6 3. b4 Nxb4 4. c3 Nc6 5. d4 d5 6. exd5 Qxd5 7. Na3 Bg4 8. Be2 Nf6 9. Rb1 Qd7 10. Nc4 e6 11. Nce5 Nxe5 12. Nxe5 Bxe2 13. Qxe2 Qc7 14. Qb5+ Nd7 15. Qxd7+ Qxd7 16. Nxd7 Kxd7 17. Rxb7+ Ke8 18. Be3 cxd4 19. Bxd4 Bd6 20. Ke2 Kf8 21. Rd7 Ba3 22. Rb1 Kg8 23. Rxa7 Rxa7 24. Rb8+ Bf8 25. Bxa7 f6 26. Bc5 Kf7 27. Rxf8+ Rxf8 28. Bxf8 Kxf8 29. Kd3 Ke7 30. Kc4 Kd6 31. Kb5 e5 32. c4 f5 33.
c5+ Kc7 34. c6 e4 35. Kc5 f4 36. Kd4 e3 37. fxe3 fxe3 38. Kxe3 1-0

[Event "Late-Titled-Tuesday-Blitz-March-26-2024"]
[Site "Chess.com"]
[Date "2024.03.26"]
[Round "9"]
[White "GMKrikor"]
[Black "GlavkonVVS"]
[Result "1-0"]
[WhiteElo "2833"]
[BlackElo "2650"]
[TimeControl "180+1"]
[EndTime "15:43:50 PDT"]
[Termination "GMKrikor won by resignation"]

1. Nf3 Nf6 2. c4 c5 3. Nc3 Nc6 4. d4 cxd4 5. Nxd4 d6 6. e4 g6 7.
Be2 Bg7 8. Be3 Bd7 9. Nc2 Rc8 10. O-O O-O 11. Rc1 a6 12. Kh1 Ne5 13. b3 b5 14. f4 Neg4 15. Bg1 Qa5 16. b4 Qd8 17. c5 dxc5 18. e5 cxb4 19. exf6 Bxf6 20. Nd5 Bb2 21. Rb1 Bg7 22. Ncxb4 Nf6 23. Bb6 Qe8 24. Nc7 Rxc7 25. Bxc7 Qc8 26. Be5 Bf5 27. Rc1 Qe6 28. Bf3 Ne4 29.
Bxg7 Kxg7 30. Qd4+ f6 31. Rfe1 Qd6 32. Rxe4 Bxe4 33.
Qxd6 exd6 34. Bxe4 1-0

[Event "Late-Titled-Tuesday-Blitz-March-26-2024"]
[Site "Chess.com"]
[Date "2024.03.26"]
[Round "9"]
[White "Budisavljevic"]
[Black "xasid81"]
[Result "0-1"]
[WhiteElo "2766"]
[BlackElo "2639"]
[TimeControl "180+1"]
[EndTime "15:43:50 PDT"]
[Termination "xasid81 won by resignation"]

1. d4 c6 2. Bf4 d5 3. e3 Qb6 4. b3 Bf5 5. Nf3 Nd7 6. Bd3 Bxd3 7. Qxd3 e6 8. O-O Ngf6 9. c4 Be7 10. h3 O-O 11.
Nc3 Bb4 12. Ne2 Rfe8 13. a4 c5 14. Be5 Nxe5 15. dxe5 dxc4 16. Qxc4 Nd7 17. Ng3 Qc7 18. Qf4 Bc3 19. Rac1 Bxe5 20. Nxe5 Qxe5 21. Qxe5 Nxe5 22.
Rxc5 Nc6 23. Ne4 Red8 24. Rfc1 h6 25. Kf1 f5 26. Nc3 Rd3 27. Rd1 Rxd1+ 28. Nxd1 Rd8 29. Ke2 Kf7 30. Nb2 Ke7 31. Rc3 Rd5 32. Nd3 Kd6 33.
b4 b6 34. Nf4 Re5 35. b5 Ne7 36. f3 g5 37. Nd3 Rd5 38. Rc4 Kd7 39. e4 fxe4 40. fxe4 Rd6 41. Ne5+ Ke8 42. Rc8+ Nxc8 0-1

[Event "Late-Titled-Tuesday-Blitz-March-26-2024"]
[Site "Chess.com"]
[Date "2024.03.26"]
[Round "9"]
[White "ExtremeLearner"]
[Black "Bryanl106"]
[Result "1-0"]
[WhiteElo "2572"]
[BlackElo "2672"]
[TimeControl "180+1"]
[EndTime "15:43:50 PDT"]
[Termination "ExtremeLearner won by resignation"]

1. d4 Nf6 2. c4 c5 3. d5 g6 4. Nc3 Bg7 5. g3 O-O 6. Bg2 d6 7. Nf3 Na6 8. O-O Nc7 9. a4 e5 10. e4 Nh5 11. Ne1 Bf6 12. Nd3 Bg5 13. f4 exf4 14.
gxf4 Be7 15. f5 Bf6 16. e5 dxe5 17. Ne4 Bxf5 18. Rxf5 gxf5 19. Qxh5 fxe4 20. Bxe4 Re8 21. Qxh7+ Kf8 22. Bg6 Re7 23. Bh6+ Ke8 24. Bf5 Ne6 25.
Nxc5 Rd7 26. Bxe6 Qb6 27. Qg8+ Ke7 28. Qxf7+ 1-0

[Event "Late-Titled-Tuesday-Blitz-March-26-2024"]
[Site "Chess.com"]
[Date "2024.03.26"]
[Round "9"]
[White "yujiarun18"]
[Black "tarno17"]
[Result "1-0"]
[WhiteElo "2126"]
[BlackElo "2170"]
[TimeControl "180+1"]
[EndTime "15:43:52 PDT"]
[Termination "yujiarun18 won on time"]

1. e4 c5 2. Nf3 e6 3. d4 cxd4 4. Nxd4 a6 5. Nc3 Qc7 6. g3 d6 7. Bg2 Nf6 8. O-O Be7 9. Kh1 O-O 10. f4 Nc6 11. Be3 Rb8 12. a4 Rd8 13. Qe2 Nxd4 14. Bxd4 b6 15. Rad1 Bb7 16. Qf2 Bc6 17. h3 d5 18.
exd5 Nxd5 19. Nxd5 Bxd5 20. Be5 Bxg2+ 21. Qxg2 Bd6 22.
Bc3 Qe7 23. Qf3 Bb4 24. Be5 Rxd1 25. Rxd1 Rd8 26. Rf1 Qe8 27. c3 Bf8 28. Bd4 Qxa4 29. f5 e5 30. Bxe5 Rd2 31. f6 g6 32. g4 Qc2 33. Bf4 Rd3 34. Qg2 Qxg2+ 35. Kxg2 b5 36. Ra1 b4 37. Rxa6 bxc3 38. bxc3 Rxc3 39. Ra8 Rc2+ 40. Kg3 Rc6 41. Bh6 Rc3+ 42. Kf2 Rc2+ 43. Ke3 Rc3+ 44. Kd2 1-0

[Event "Late-Titled-Tuesday-Blitz-March-26-2024"]
[Site "Chess.com"]
[Date "2024.03.26"]
[Round "9"]
[White "GMMikhailKazakov"]
[Black "Jimonios"]
[Result "1-0"]
[WhiteElo "2523"]
[BlackElo "2602"]
[TimeControl "180+1"]
[EndTime "15:43:54 PDT"]
[Termination "GMMikhailKazakov won by resignation"]

1. e4 e5 2. Nf3 Nc6 3. Bb5 a6 4. Ba4 Bc5 5. O-O Nge7 6. c3 Ng6 7. d4 Ba7 8. Bg5 f6 9. Be3 O-O 10. Re1 d6 11. h3 Kh8 12. Nbd2 Bd7 13. Nf1 b5 14. Bc2 exd4 15. cxd4 Nb4 16. Bb1 c5 17. dxc5 dxc5 18. e5 Nxe5 19. Nxe5 fxe5 20. Qh5 h6 21. Qg6 Kg8 22. Qh7+ Kf7 23. Bg6+ Ke7 24. Qxg7+ Kd6 25. Bxh6 Qf6 26. Rad1+ Nd5 27. Rxd5+ Kxd5 28. Qxd7+ 1-0

[Event "Late-Titled-Tuesday-Blitz-March-26-2024"]
[Site "Chess.com"]
[Date "2024.03.26"]
[Round "9"]
[White "DACF2905"]
[Black "RantomOpening"]
[Result "0-1"]
[WhiteElo "2405"]
[BlackElo "2573"]
[TimeControl "180+1"]
[EndTime "15:43:54 PDT"]
[Termination "RantomOpening won by checkmate"]

1. e4 c5 2. Nc3 e6 3. Nge2 Nc6 4. g3 d5 5. exd5 exd5 6. d4 cxd4 7. Nxd4 Nf6 8. Bg2 Bg4 9. f3 Bd7 10. O-O Be7 11. Be3 O-O 12. Kh1 Re8 13. Qd2 Rc8 14. Bg1 Ne5 15. Rab1 a6 16. Rfe1 Nc4 17. Qd3 Bc5 18.
b3 Ne5 19. Rxe5 Rxe5 20. f4 Re8 21. Nxd5 Nxd5 22. Bxd5 Bh3 23. c4 Qf6 24. Rd1 Re7 25.
Nf3 Bxg1 26. Kxg1 Bg4 27. Be4 Ree8 28. Bxh7+ Kh8 29. Be4 Rcd8 30. Bd5 Qb6+ 31. Kg2 Re3 32. Qd4 Bxf3+ 33. Kf2 Qxd4 34. Rxd4 Bxd5 35. Kxe3 Re8+ 36. Kf2 Bc6 37. a4 a5 38. g4 g6 39. h4 Re4 40.
Rd8+ Kg7 41. f5 Rxg4 42. fxg6 Rxg6 43. Ra8 Rf6+ 44. Ke2 Rf3 45. Rxa5 Rxb3 46. Kd2 Rb4 47. Kc3 Rxa4 48. Rg5+ Kf6 49. Kd4 b5 50. Rc5 Rxc4+ 51. Rxc4 bxc4 52. Kxc4 Kg6 53. Kd4 Kh5 54. Ke3 Kxh4 55.
Kf2 Be8 56. Kg1 f5 57. Kf2 f4 58. Kf3 Kg5 59. Kf2 Kg4 60. Kf1 f3 61. Kf2 Kf4 62.
Kf1 Kg3 63. Kg1 f2+ 64. Kf1 Bb5# 0-1

[Event "Late-Titled-Tuesday-Blitz-March-26-2024"]
[Site "Chess.com"]
[Date "2024.03.26"]
[Round "9"]
[White "only_strong_moves"]
[Black "Nf3c5"]
[Result "1-0"]
[WhiteElo "2694"]
[BlackElo "2568"]
[TimeControl "180+1"]
[EndTime "15:43:55 PDT"]
[Termination "only_strong_moves won on time"]

1. Nc3 d5 2. e4 d4 3. Nce2 e5 4. c3 Be6 5. Ng3 Qd7 6. Nf3 f6 7. cxd4 exd4 8. b3 h5 9. h4 d3 10. Bb2 Nc6 11. a3 Nge7 12. b4 a6 13. Rc1 Ng6 14.
Qa4 Nf4 15. b5 Na7 16. Nd4 Nxb5 17. Nxb5 Qxb5 18. Qxb5+ axb5 19. Rc3 Bc4 20. Nf5 Bd6 21. g3 Ne2 22. Bxe2 dxe2 23. d3 Be6 24. Nxg7+ Kf7 25.
Nxe6 Kxe6 26. Kxe2 b4 27. axb4 Ra2 28. Rb1 Bxb4 29. Rxc7 b5 30. Rc6+ Bd6 31. f4 Kd7 32.
Rc2 Rg8 33. Kf3 b4 34. Re2 Rf8 35. Bd4 Ra4 36. Bb2 Be7 37. d4 Rc8 38. d5 b3 39.
Re3 Rb4 40. Ba3 Rb5 41. Bxe7 Kxe7 42. Rbxb3 1-0

[Event "Late-Titled-Tuesday-Blitz-March-26-2024"]
[Site "Chess.com"]
[Date "2024.03.26"]
[Round "9"]
[White "KorolDimitriy75"]
[Black "LeoWin2012"]
[Result "0-1"]
[WhiteElo "2379"]
[BlackElo "2298"]
[TimeControl "180+1"]
[EndTime "15:43:55 PDT"]
[Termination "LeoWin2012 won on time"]

1. d4 Nf6 2. c4 e6 3. Nc3 Bb4 4. Qc2 c5 5. dxc5 Bxc5 6. Nf3 Nc6 7. Bg5 O-O 8. e3 Be7 9. Be2 d5 10. Rd1 h6 11. Bh4 Qa5 12. O-O dxc4 13. Bxc4 a6 14. a3 Qh5 15. Ba2 e5 16. Bb1 g6 17. Ne4 Nxe4 18.
Bxe7 Nxe7 19. Qxe4 Nc6 20. Rd6 Bf5 21. Qd5 Bxb1 22.
Rxb1 Rad8 23. h3 Rxd6 24. Qxd6 Rd8 25. Qc7 Qf5 26. Rc1 Rd7 27. Qb6 e4 28. Nd4 Nxd4 29.
exd4 Qf4 30. Rc8+ Kg7 31. Qc5 Qd6 32. Qxd6 Rxd6 33. Rc7 b5 34. Ra7 g5 35. b4 Kg6 36.
Kf1 f5 37. Ke2 f4 38. g3 h5 0-1

[Event "Late-Titled-Tuesday-Blitz-March-26-2024"]
[Site "Chess.com"]
[Date "2024.03.26"]
[Round "9"]
[White "rdarruda"]
[Black "Veleamater"]
[Result "1/2-1/2"]
[WhiteElo "2516"]
[BlackElo "2408"]
[TimeControl "180+1"]
[EndTime "15:43:56 PDT"]
[Termination "Game drawn by repetition"]

1. d4 d6 2. e4 g6 3. Nc3 Bg7 4. Nf3 Nc6 5. Bg5 Nf6 6. d5 Ne5 7. Nxe5 dxe5 8. Qd2 h6 9. Bh4 a6 10. O-O-O O-O 11. f3 Ne8 12. Bf2 Nd6 13. h4 b5 14.
g4 Bd7 15. Be3 Kh7 16. g5 h5 17. a3 Rb8 18. f4 exf4 19. Bxf4 e5 20. dxe6 Bxe6 21.
e5 Nc4 22. Qxd8 Rbxd8 23. Bxc4 Bxc4 24. Ne4 Bd5 25. Rhe1 Bxe4 26. Rxd8 Rxd8 27. Rxe4 Re8 28. c4 c6 29. Kc2 Re6 30. b3 Kg8 31. a4 bxa4 32. bxa4 Kf8 33. Kc3 Ke8 34. Kb4 Kd7 35.
c5 Kc7 36. Ka5 Bf8 37. Be3 Kb7 38. Rb4+ Ka7 39. Bd4 Be7 40. Rb3 Bd8+ 41. Kb4 Bc7 42. Re3 Kb7 43. Kc4 Kc8 44. Kd3 Re8 45. Ke4 Kd7 46.
Rb3 Ke6 47. Rb7 Rc8 48. Ra7 a5 49. Ra6 Bd8 50. Ra7 Bc7 51. Ra6 Kd7 52. Ra7 Ke6 1/2-1/2

[Event "Late-Titled-Tuesday-Blitz-March-26-2024"]
[Site "Chess.com"]
[Date "2024.03.26"]
[Round "9"]
[White "Koalaskakistis"]
[Black "FairChess_on_YouTube"]
[Result "0-1"]
[WhiteElo "2505"]
[BlackElo "3088"]
[TimeControl "180+1"]
[EndTime "15:43:57 PDT"]
[Termination "FairChess_on_YouTube won on time"]

1. Nf3 d5 2. g3 Nd7 3. d4 Nb6 4. Bg2 Bf5 5. Nc3 h6 6. O-O Nf6 7. a4 a5 8. Ne5 e6 9. Nd3 Be7 10. Bf4 O-O 11. Re1 Bh7 12. Nc5 Nbd7 13. Nxd7 Qxd7 14. e4 Bb4 15. exd5 exd5 16. Be5 c6 17. Bxf6 gxf6 18. Bf1 Rae8 19. Rxe8 Rxe8 20. Bd3 Bg6 21.
Qf3 Kg7 22. Ne2 Bd6 23. Rd1 Qc7 24. Bf5 h5 25. Bd3 Qb6 26. b3 Qc7 27. h3 b5 28.
axb5 cxb5 29. Rd2 Qc6 30. Nf4 Bxf4 31. Qxf4 a4 32. bxa4 bxa4 33. h4 a3 34. Rd1 a2 35.
Ra1 Bxd3 36. cxd3 Ra8 37. Qd2 Qb6 38. Kg2 Qb1 39. Qc3 Kg6 40. Kh2 Kh7 41. Kg2 Kg7 42.
Kh2 Ra3 43. Qxa3 Qxa1 0-1

[Event "Late-Titled-Tuesday-Blitz-March-26-2024"]
[Site "Chess.com"]
[Date "2024.03.26"]
[Round "9"]
[White "Alex_Banzea"]
[Black "Romkachess"]
[Result "1-0"]
[WhiteElo "2542"]
[BlackElo "2675"]
[TimeControl "180+1"]
[EndTime "15:43:57 PDT"]
[Termination "Alex_Banzea won on time"]

1. d4 Nf6 2. Nc3 d5 3. Bf4 a6 4. e3 e6 5. Nf3 c5 6. dxc5 Bxc5 7. Bd3 Nc6 8. O-O O-O 9. e4 Be7 10. e5 Nh5 11. Bd2 g6 12. Bh6 Re8 13. Qd2 b5 14.
Rfe1 Bb7 15. Ne2 Nb4 16. Ned4 Nxd3 17. cxd3 Rc8 18. g4 Ng7 19. Kg2 Qb6 20. Qf4 Qc7 21.
Bxg7 Kxg7 22. g5 Rh8 23. h4 h5 24. gxh6+ Rxh6 25. Ng5 Bxg5 26. hxg5 Rh5 27. Qf6+ Kg8 28. Nxe6 d4+ 29. Kg3 fxe6 30. Qxg6+ Qg7 31. Qxh5 Rf8 32.
f4 Qd7 33. Qg6+ 1-0

[Event "Late-Titled-Tuesday-Blitz-March-26-2024"]
[Site "Chess.com"]
[Date "2024.03.26"]
[Round "9"]
[White "TedBelanoff"]
[Black "xakevicius91"]
[Result "0-1"]
[WhiteElo "2236"]
[BlackElo "2541"]
[TimeControl "180+1"]
[EndTime "15:43:58 PDT"]
[Termination "xakevicius91 won by resignation"]

1. b4 d5 2. Bb2 Nf6 3. Bxf6 exf6 4. a3 Bd6 5. e3 O-O 6. d4 c6 7. Nf3 Bg4 8. Be2 Nd7 9. Nbd2 f5 10. c4 Nf6 11. c5 Bc7 12. Qc2 Ne4 13. h3 Bh5 14. g4 Bg6 15. g5 Nxg5 16. h4 Nxf3+ 17. Nxf3 f4 18. Bd3 fxe3 19. fxe3 Qe7 20. Kd2 Rae8 21.
Rae1 Bxd3 22. Qxd3 Qe4 23. Qxe4 Rxe4 24. Ng5 Re7 25.
e4 h6 26. exd5 Rxe1 27. Rxe1 hxg5 28. d6 Bd8 29. hxg5 Bxg5+ 30. Kd3 a6 31. Kc4 Bd8 32. d5 g5 33. dxc6 bxc6 34. a4 f5 35. b5 axb5+ 36.
axb5 cxb5+ 37. Kxb5 Kg7 38. c6 f4 39. c7 Bxc7 40. dxc7 f3 41. Kc6 Kg6 42. Rd1 f2 43. Rf1 g4 44. Kd5 g3 45. Ke4 Kg5 46. Ke3 Kg4 47.
Rd1 Re8+ 48. Kd3 g2 49. Ra1 f1=Q+ 0-1

[Event "Late-Titled-Tuesday-Blitz-March-26-2024"]
[Site "Chess.com"]
[Date "2024.03.26"]
[Round "9"]
[White "1mbl4"]
[Black "jstopa4"]
[Result "1-0"]
[WhiteElo "2630"]
[BlackElo "2728"]
[TimeControl "180+1"]
[EndTime "15:43:59 PDT"]
[Termination "1mbl4 won by checkmate"]

1. d4 Nf6 2. Nf3 g6 3. Bf4 Bg7 4. e3 O-O 5. h3 c5 6. c3 b6 7. Be2 Bb7 8. O-O d6 9. a4 Nc6 10. Na3 Rc8 11. Bh2 Ne4 12. Nd2 Nxd2 13. Qxd2 Na5 14.
Qd1 Qd7 15. b4 cxb4 16. cxb4 Nc6 17. Rb1 Rfd8 18. Nc4 d5 19. Nd2 e6 20. Nf3 Qe7 21.
Qd2 h5 22. Bb5 Bf8 23. Bxc6 Bxc6 24. b5 Be8 25. a5 Qa3 26. axb6 axb6 27. Ne5 Qa4 28.
g4 hxg4 29. Nxg4 Bg7 30. Be5 Qc2 31. Qb4 Qf5 32. Qe7 Rd7 33. Qh4 g5 34. Nh6+ Bxh6 35. Qxh6 f6 36. Qxf6 Rf7 37. Qh8# 1-0

[Event "Late-Titled-Tuesday-Blitz-March-26-2024"]
[Site "Chess.com"]
[Date "2024.03.26"]
[Round "9"]
[White "Bkmzzzzz"]
[Black "expii"]
[Result "1-0"]
[WhiteElo "2395"]
[BlackElo "2220"]
[TimeControl "180+1"]
[EndTime "15:43:59 PDT"]
[Termination "Bkmzzzzz won on time"]

1. e4 c5 2. Nf3 d6 3. d4 cxd4 4. Qxd4 Nc6 5. Bb5 Bd7 6. Qd3 Nf6 7. Bg5 e6 8. Nc3 Be7 9. O-O-O O-O 10. e5 Nd5 11. Bxe7 Qxe7 12. exd6 Qxd6 13. Nxd5 exd5 14. Qxd5 Qxd5 15. Rxd5 Be6 16. Rd2 Rad8 17. Rhd1 Rxd2 18. Rxd2 Rd8 19. Bxc6 Rxd2 20. Kxd2 bxc6 21. b3 Bd5 22. c4 Bxf3 23. gxf3 Kf8 24. b4 Ke7 25. Kd3 Ke6 26. Kd4 Kd6 27. b5 c5+ 28. Ke4 g6 29. a4 f5+ 30. Kf4 h6 31. h4 Kc7 32.
a5 Kd6 33. b6 axb6 34. axb6 Kc6 35. Ke5 Kxb6 36. Kf6 Ka5 37. Kxg6 1-0

[Event "Late-Titled-Tuesday-Blitz-March-26-2024"]
[Site "Chess.com"]
[Date "2024.03.26"]
[Round "9"]
[White "Andrei_Skvortsov"]
[Black "prime-morty"]
[Result "1-0"]
[WhiteElo "2720"]
[BlackElo "2570"]
[TimeControl "180+1"]
[EndTime "15:44:00 PDT"]
[Termination "Andrei_Skvortsov won by checkmate"]

1. d4 d5 2. c4 e6 3. Nc3 a6 4. cxd5 exd5 5. Bf4 Nf6 6. e3 Bd6 7. Bxd6 Qxd6 8. Bd3 O-O 9. Nge2 Re8 10. Qc2 Nbd7 11.
h3 c5 12. O-O c4 13. Bf5 g6 14. Bxd7 Bxd7 15. a4 b5 16. axb5 axb5 17. Ng3 b4 18. Nce2 h5 19. Nf4 h4 20. Nh1 Bf5 21. Qd2 g5 22. Ne2 Ne4 23. Qc1 Rxa1 24. Qxa1 Qc6 25. Qa7 Nd2 26. Rd1 Nb3 27. Nc1 Bc2 28. Re1 c3 29. bxc3 Qxc3 30. Rf1 Nd2 31. Na2 Qc4 32. Rc1 b3 33. Qd7 Rc8 34. Nb4 b2 35. Re1 b1=Q 36.
Rxb1 Nxb1 37. Nxd5 Rf8 38. Nf6+ Kg7 39. Nh5+ Kh6 40. Qd6+ Kxh5 41. g4+ hxg3 42. Nxg3+ Kh4 43. Qh6# 1-0

[Event "Late-Titled-Tuesday-Blitz-March-26-2024"]
[Site "Chess.com"]
[Date "2024.03.26"]
[Round "9"]
[White "chessamical"]
[Black "Chempiblinka"]
[Result "0-1"]
[WhiteElo "2269"]
[BlackElo "2386"]
[TimeControl "180+1"]
[EndTime "15:44:02 PDT"]
[Termination "Chempiblinka won by resignation"]

1. d4 Nf6 2. Bf4 g6 3. Nc3 Bg7 4. e4 d6 5. Qd2 O-O 6. O-O-O Re8 7. Bh6 Bh8 8. h4 a6 9. h5 b5 10. f3 c5 11. hxg6 hxg6 12. dxc5 Qa5 13. cxd6 exd6 14. a3 b4 15. Na2 Nc6 16. Nxb4 Nxb4 17. Qxb4 Qc7 18.
Qxd6 Qb7 19. Bc4 Be6 20. Bxe6 Rxe6 21. Qd2 Nxe4 22. Qd8+ Re8 23. Bg7 Bxg7 0-1

[Event "Late-Titled-Tuesday-Blitz-March-26-2024"]
[Site "Chess.com"]
[Date "2024.03.26"]
[Round "9"]
[White "CURRUTACO59"]
[Black "financieru"]
[Result "0-1"]
[WhiteElo "2280"]
[BlackElo "2414"]
[TimeControl "180+1"]
[EndTime "15:44:03 PDT"]
[Termination "financieru won on time"]

1. Nf3 Nf6 2. d4 g6 3. c4 Bg7 4. g3 d6 5. Bg2 O-O 6. O-O Nbd7 7.
Nc3 e5 8. e4 c6 9. h3 Qb6 10.
c5 dxc5 11. dxe5 Ne8 12. e6 fxe6 13. Qc2 Nc7 14. Be3 Qa5 15. Rad1 h6 16. Rfe1 e5 17.
Rd6 Kh7 18. Nh4 Rf6 19. Red1 Rxd6 20. Rxd6 Nf8 21. Bf1 Nce6 22. Bc4 Nd4 23. Qd1 Qc7 24. Rxg6 Nxg6 25. Nxg6 Kxg6 0-1

[Event "Late-Titled-Tuesday-Blitz-March-26-2024"]
[Site "Chess.com"]
[Date "2024.03.26"]
[Round "9"]
[White "DeArron_Fox"]
[Black "reevecanada"]
[Result "1-0"]
[WhiteElo "2522"]
[BlackElo "2653"]
[TimeControl "180+1"]
[EndTime "15:44:04 PDT"]
[Termination "DeArron_Fox won by checkmate"]

1. d4 b6 2. e4 Bb7 3. Bd3 f5 4.
exf5 Bxg2 5. Qh5+ g6 6. fxg6 Bg7 7. gxh7+ Kf8 8. Nh3 Nf6 9. Qh4 Bxh1 10. Nf4 Bb7 11. Ng6+ Kf7 12. Ne5+ Kf8 13. Bh6 Nxh7 14. Bxg7+ Kxg7 15. Qg4+ Kf8 16. Qh5 Qe8 17. Bg6 Qc8 18.
Bxh7 Bd5 19. Qh6+ Ke8 20. Bg6+ Kd8 21. Qxh8+ Bg8 22. Qxg8# 1-0

[Event "Late-Titled-Tuesday-Blitz-March-26-2024"]
[Site "Chess.com"]
[Date "2024.03.26"]
[Round "9"]
[White "Der_Balak_3Halak"]
[Black "temus_galaktionov"]
[Result "0-1"]
[WhiteElo "2442"]
[BlackElo "2833"]
[TimeControl "180+1"]
[EndTime "15:44:05 PDT"]
[Termination "temus_galaktionov won by resignation"]

1. e4 c6 2. d4 g6 3. h4 d6 4. h5 Bg7 5. c3 e5 6. Be3 Nf6 7. h6 Bf8 8. f3 Be7 9. Bc4 O-O 10. Nd2 d5 11. dxe5 Nxe4 12. Nxe4 dxc4 13. Nh3 Bf5 14.
Nhg5 Nd7 15. Bf4 Nc5 16. Nxc5 Bxc5 17. Ne4 Bxe4 18. fxe4 Qb6 19. Qe2 Rad8 20. Bg5 Rd3 21. Rh3 Rxh3 22. gxh3 Re8 23. Bf6 Bf8 24. O-O-O Bxh6+ 25. Kb1 Qe3 26. Qxc4 Qxh3 27. Qd4 Qg4 28. Qd8 Qxe4+ 29. Ka1 Rxd8 30. Rxd8+ Bf8 31. a4 Qxa4+ 32. Kb1 Qe4+ 33. Ka1 Qh1+ 34. Ka2 Qd5+ 35. Rxd5 cxd5 36. b3 Bg7 37. c4 Bxf6 38. exf6 dxc4 39. bxc4 Kf8 0-1

[Event "Late-Titled-Tuesday-Blitz-March-26-2024"]
[Site "Chess.com"]
[Date "2024.03.26"]
[Round "9"]
[White "Firouzja2003"]
[Black "DrVelja"]
[Result "1-0"]
[WhiteElo "3123"]
[BlackElo "3032"]
[TimeControl "180+1"]
[EndTime "15:44:07 PDT"]
[Termination "Firouzja2003 won by resignation"]

1. e4 c5 2. Nf3 Nc6 3. Bb5 e6 4. c3 a6 5. Ba4 b5 6. Bc2 Bb7 7. O-O Rc8 8. Re1 Nge7 9. d4 cxd4 10. cxd4 Nb4 11. Na3 Nxc2 12. Nxc2 Ng6 13. Bd2 Bd6 14.
Bb4 Bb8 15. d5 a5 16. Bc3 O-O 17. a3 Nf4 18. Ne3 Re8 19. Qd2 exd5 20. Nxd5 Nxd5 21. exd5 Qb6 22. Bxa5 Qd6 23. Rxe8+ Rxe8 24. Rd1 h6 25. h3 Qf6 26. Bc3 Qg6 27. Qd4 Bd6 28. Nh4 Qg5 29. Qxg7+ Qxg7 30. Bxg7 Bxd5 31. Bc3 Be7 32. Rxd5 Bxh4 33.
Rxb5 1-0

[Event "Late-Titled-Tuesday-Blitz-March-26-2024"]
[Site "Chess.com"]
[Date "2024.03.26"]
[Round "9"]
[White "mightysmasher"]
[Black "cthulhuuu"]
[Result "0-1"]
[WhiteElo "2573"]
[BlackElo "2435"]
[TimeControl "180+1"]
[EndTime "15:44:12 PDT"]
[Termination "cthulhuuu won by checkmate"]

1. e4 d6 2. d4 Nf6 3. Nc3 c6 4. Nf3 Bg4 5. Be2 e6 6. O-O d5 7.
e5 Nfd7 8. h3 Bh5 9. Be3 c5 10.
Nb5 a6 11. Nd6+ Bxd6 12. exd6 Bxf3 13. Bxf3 cxd4 14. Qxd4 O-O 15. Rad1 Nc6 16. Qd2 Nde5 17. Be2 Qxd6 18. f4 Nd7 19. c4 Nf6 20. f5 Rad8 21.
Bf3 Ne5 22. cxd5 Nxf3+ 23. Rxf3 exd5 24. Bd4 Ne4 25. Qd3 f6 26. Qb3 b5 27. Re3 Kh8 28. Rde1 Qd7 29. Qd3 Qxf5 30. Rf3 Qg6 31. Rfe3 Rfe8 32. b3 Nd6 33. Rxe8+ Rxe8 34. Rxe8+ Qxe8 35.
Qg3 Nf5 36. Qf4 Nxd4 37. Qxd4 Qe1+ 38. Kh2 Qe5+ 39. Qxe5 fxe5 40. Kg3 g6 41. Kg4 Kg7 42. Kf3 Kf6 43. g4 h5 44. Kg3 hxg4 45. Kxg4 d4 46. Kh4 d3 47. Kg3 d2 48. h4 d1=Q 49. h5 gxh5 50. Kf2 e4 51. b4 Qf3+ 52. Kg1 e3 53. a4 Qf2+ 54. Kh1 e2 55. a5 e1=Q# 0-1

[Event "Late-Titled-Tuesday-Blitz-March-26-2024"]
[Site "Chess.com"]
[Date "2024.03.26"]
[Round "9"]
[White "zverr1"]
[Black "Zq1"]
[Result "1/2-1/2"]
[WhiteElo "2557"]
[BlackElo "2626"]
[TimeControl "180+1"]
[EndTime "15:44:13 PDT"]
[Termination "Game drawn by repetition"]

1. e4 c5 2. Nf3 d6 3. Nc3 Nc6 4.
Bb5 Bd7 5. Bxc6 Bxc6 6. d4 cxd4 7. Nxd4 Nf6 8. Nxc6 bxc6 9. O-O g6 10. Bf4 Bg7 11. Qd2 O-O 12. Rad1 Rb8 13. b3 Nd7 14. Na4 Nb6 15. Nxb6 axb6 16. a4 b5 17. axb5 cxb5 18.
c4 bxc4 19. bxc4 Qc7 20. Rc1 Qc6 21. c5 Qxe4 22. Rfe1 Qf5 23. Rxe7 Bf6 24. Ree1 Rb2 25. Qxd6 Rd8 26. Qc7 Rc8 27. Qd6 Rd8 28. Qc7 Rc8 29.
Qd6 Rd8 1/2-1/2

[Event "Late-Titled-Tuesday-Blitz-March-26-2024"]
[Site "Chess.com"]
[Date "2024.03.26"]
[Round "9"]
[White "Genghis_K"]
[Black "kingofthenil"]
[Result "0-1"]
[WhiteElo "2913"]
[BlackElo "2792"]
[TimeControl "180+1"]
[EndTime "15:44:14 PDT"]
[Termination "kingofthenil won on time"]

1. e4 Nc6 2. Nf3 d5 3. exd5 Qxd5 4. Nc3 Qh5 5. Nb5 Kd8 6. d4 Bg4 7. Bf4 a6 8. d5 Bxf3 9. gxf3 Ne5 10. Nd4 Nf6 11.
Be2 Ng6 12. Bg3 Qxd5 13. c4 Qd7 14. Qb3 e5 15. Qxb7 Bb4+ 16. Kf1 exd4 17. Qxa8+ Ke7 18. Qb7 Bd6 19. Bd3 Rd8 20. Re1+ Kf8 21. c5 Nf4 22. Bxf4 Qh3+ 23. Ke2 Bxf4 24. Kd1 g6 25. Re2 Nd5 26.
Be4 d3 27. Ree1 Qg2 28. Ref1 Ne3+ 0-1